 Dungeon Crawl Stone Soup version 0.27-a0-1321-gd358eaa319 (webtiles) character file.

Game seed: 17391719581799421739

6162 Ijustatesigmund the Cleaver (level 10, -2/96 HPs)
             Began as a Hill Orc Fighter on June 22, 2021.
             Slain by a tentacled starspawn (29 damage)
             ... on level 2 of the Abyss.
             The game lasted 00:19:49 (10465 turns).

Ijustatesigmund the Cleaver (Hill Orc Fighter)     Turns: 10465, Time: 00:19:50

Health: -2/96      AC: 18    Str: 20    XL:     10   Next: 90%
Magic:  10/10      EV:  8    Int:  9    God:
Gold:   465        SH:  9    Dex: 12    Spells: 9/9 levels left

rFire    + . .     SeeInvis .   a - +3 war axe
rCold    + . .     Faith    .   c - +0 kite shield
rNeg     . . .     Spirit   .   b - +6 scale mail of Koucoloe {rF+}
rPois    .         Reflect  .   v - +0 helmet
rElec    .         Harm     .   h - +1 cloak
rCorr    .         Rampage  .   t - +0 pair of gloves
Will     .....                  (no boots)
Stlth    ..........             (no amulet)
HPRegen  0.26/turn              D - ring of protection from cold
MPRegen  0.12/turn              (no ring)

@: hasted, very quick
A: no striking features
a: no special abilities


You were on level 2 of the Abyss.
You visited 1 branch of the dungeon, and saw 10 of its levels.
You visited the Abyss 1 time.
You also visited: Ossuary.

You collected 465 gold pieces.

Inventory:

Hand Weapons
 a - a +3 war axe (weapon)
 k - a +4 whip
Missiles
 o - 4 atropa-tipped darts (quivered)
 C - a throwing net
Armour
 b - the +6 scale mail of Koucoloe (worn) {rF+}
   (You found it on level 5 of the Dungeon)

   It protects you from fire.
 c - a +0 kite shield (worn)
 h - a +1 cloak (worn)
 t - a +0 pair of gloves (worn)
 v - a +0 helmet (worn)
Jewellery
 D - a ring of protection from cold (left hand)
Wands
 m - a wand of paralysis (9)
 u - a wand of acid (6)
 H - a wand of flame (14)
 I - a wand of digging (3)
Scrolls
 p - a scroll of silence
 q - 5 scrolls of teleportation
 r - 3 scrolls of amnesia
 y - 2 scrolls of fear
 A - a scroll of brand weapon {unknown}
 E - a scroll of fog
 F - 2 scrolls of blinking
 G - 3 scrolls of identify
Potions
 d - 2 potions of might
 e - 3 potions of lignification
 g - 2 potions of mutation
 i - 4 potions of cancellation
 j - a potion of resistance
 l - 3 potions of heal wounds
 n - 2 potions of magic
 s - 6 potions of curing
 w - 2 potions of flight {unknown}
 x - a potion of ambrosia {unknown}
 B - 2 potions of brilliance {unknown}


   Skills:
 + Level 11.4 Fighting
 + Level 12.8 Axes
 - Level 7.2 Armour
 - Level 2.7 Dodging
 - Level 3.2 Shields
 + Level 5.1 Evocations


You had 9 spell levels left.
You didn't know any spells.
Your spell library contained the following spells:

 Spells                   Type           Power      Damage    Failure   Level
 Sandblast                Erth           0%         2d4       99%         1
 Passwall                 Tmut/Erth      0%         N/A       100%        2
 Stone Arrow              Conj/Erth      0%         3d7       100%        3
 Petrify                  Tmut/Erth      0%         N/A       100%        4
 Lee's Rapid Deconstruct  Erth           0%         3d5*      100%        5


Dungeon Overview and Level Annotations

Branches:
Dungeon (10/15)            Temple (0/1) D:4         Ossuary (visited)
   Lair: D:8-11         Orc: D:9-12

Altars:
Cheibriados
Dithmenos
Elyvilon
Gozag
Nemelex Xobeh
Okawaru
Trog
Xom
Yredelemnul
Zin

Shops:
D:3 (   D:6 (   D:7 :

Annotations:
D:5 2 transporters, kuniqs's ghost, novice KoSu


Message History

The sphere of damnation explodes!
The damnation engulfs you!!
The damnation engulfs the hellion.
The hellion completely resists.
A cane toad comes into view.
You hear a shout!
You closely miss the hellion.
The hellion is severely wounded.
The hellion hits you but does no damage.
You barely miss the hellion.
The hellion is severely wounded.
The hellion gestures at you.
The sphere of damnation explodes!
The damnation engulfs you!!
The damnation engulfs the hellion.
The hellion completely resists.
A starspawn tentacle comes into view.
You hit the hellion.
The hellion is almost dead.
Aiming: Corrosive Bolt
Press: ? - help, Shift-Dir - straight line, f - tentacled starspawn
Aim: a tentacled starspawn (moderately damaged, 91% to hit)
The bolt of acid hits the tentacled starspawn!
The tentacled starspawn is splashed with acid.
The acid corrodes the tentacled starspawn!
The tentacled starspawn is heavily damaged.
The bolt of acid hits the hellion!!
The hellion is splashed with acid.
You kill the hellion!
Your Evocations skill increases to level 5!
You hit the tentacled starspawn.
The tentacled starspawn is heavily damaged.
You barely miss the tentacled starspawn.
The tentacled starspawn is heavily damaged.
You block the tentacled starspawn's attack.
The tentacled starspawn tentacle-slaps you but does no damage.
You hit the tentacled starspawn.
The tentacled starspawn is heavily damaged.
You block the tentacled starspawn's attack.
The tentacled starspawn tentacle-slaps you.
* * * LOW HITPOINT WARNING * * *
You barely miss the tentacled starspawn.
The tentacled starspawn is heavily damaged.
The tentacled starspawn bites you!!
You die...

...# #. .#
#w..# # ..#
#...# #...#
###...#
#.X.#.#
#@#...
#.#...#
###...# #T..#
#2#.# #
###########.
.# .
.......T.
.... # .. .
.....2 .
...#. # .
..#.
.....###..#.#


You could see a tentacled starspawn (corroded).

Vanquished Creatures
  A thrashing horror (Abyss:2)
  An oklob plant (D:8)
  Joseph (D:8)
  A hellion (Abyss:2)
  A fire giant simulacrum (Abyss:2)
  Sigmund (D:5)
  Eustachio (D:4)
  Grum (D:8)
  A steam dragon (D:8)
  2 water moccasins
  An ice beast (D:4)
  An orc warrior (D:6)
  A hornet zombie (D:8)
  A black bear (D:5)
  An ogre (D:6)
  2 necrophages
  3 wolves (D:8)
  3 centaurs
  A phantom (D:7)
  2 kobold brigands
  2 water moccasin zombies
  2 wyvern zombies (D:6)
  4 killer bees (D:8)
  12 wights
  4 howler monkeys (D:7)
  A centaur zombie (D:6)
  3 bullfrog zombies (D:6)
  2 centaur skeletons
  7 jellies (D:8)
  Crazy Yiuf (D:3)
  3 orc priests
  2 hounds
  A human skeleton (Abyss:2)
  Jessica (D:3)
  5 iguanas
  5 orc wizards
  A killer bee zombie (D:7)
  13 mummies (Ossuary)
  8 adders
  A gnoll (D:1)
  A shadow imp (D:6)
  A white imp (D:6)
  2 ufetubi
  4 worms
  3 dart slugs
  30 orcs
  4 ball pythons
  5 bats
  21 endoplasms
  2 giant cockroaches
  3 goblins (D:1)
  6 hobgoblins
  5 jackals
  A quokka (D:4)
  2 frilled lizards
  A gnoll skeleton (Ossuary)
  2 goblin skeletons (Ossuary)
  20 kobolds
  2 kobold skeletons (Ossuary)
  3 orc skeletons (Ossuary)
  2 rats
  11 rat skeletons (Ossuary)
  2 rat zombies (D:4)
  A starspawn tentacle (Abyss:2)
239 creatures vanquished.

Vanquished Creatures (others)
  An orc wizard (D:4)
  5 fungi (D:8)
  11 plants (D:5)
  2 starspawn tentacles (Abyss:2)
  12 withered plants (D:6)
31 creatures vanquished.

Grand Total: 270 creatures vanquished

Notes
Turn   | Place    | Note
-------+----------+-------------------------------------------
     0 | D:1      | Ijustatesigmund the Hill Orc Fighter began the quest for
                  | the Orb.
     0 | D:1      | Reached XP level 1. HP: 19/19 MP: 1/1
    57 | D:1      | Reached skill level 3 in Axes
    94 | D:1      | Reached skill level 4 in Axes
    94 | D:1      | Reached XP level 2. HP: 7/26 MP: 2/2
   465 | D:1      | Found a faded altar of an unknown god.
   551 | D:1      | Reached XP level 3. HP: 31/31 MP: 3/3
  1065 | D:2      | Reached skill level 5 in Axes
  1680 | D:3      | Reached XP level 4. HP: 37/39 MP: 4/4
  1741 | D:3      | Found Uxypsengamp's Antique Weapon Shoppe.
  1925 | D:3      | Found a runed translucent door.
  1926 | D:3      | Noticed Crazy Yiuf
  1974 | D:3      | Killed Crazy Yiuf
  1975 | D:3      | Reached skill level 6 in Axes
  2254 | D:3      | Noticed Jessica
  2262 | D:3      | Killed Jessica
  2263 | D:3      | Reached XP level 5. HP: 34/47 MP: 5/5
  2390 | D:3      | Found an opulent altar of Gozag.
  2390 | D:3      | Found a sparkling altar of Nemelex Xobeh.
  2391 | D:3      | Found a snail-covered altar of Cheibriados.
  2391 | D:3      | Found an iron altar of Okawaru.
  2473 | D:3      | Found a shadowy altar of Dithmenos.
  2474 | D:3      | Found a bloodstained altar of Trog.
  2944 | D:4      | Noticed Eustachio
  2964 | D:4      | Found a sand-covered staircase.
  2971 | Ossuary  | Entered an ossuary
  3000 | Ossuary  | Reached skill level 5 in Fighting
  3043 | Ossuary  | Reached XP level 6. HP: 50/56 MP: 6/6
  3156 | Ossuary  | Reached skill level 7 in Axes
  3359 | Ossuary  | Reached skill level 1 in Dodging
  3684 | D:4      | Killed Eustachio
  3685 | D:4      | Reached XP level 7. HP: 49/63 MP: 7/7
  3976 | D:4      | Found a staircase to the Ecumenical Temple.
  4276 | D:5      | Entered Level 5 of the Dungeon
  4431 | D:4      | Reached skill level 8 in Axes
  4632 | D:5      | Found a transporter.
  4632 | D:5      | Found a transporter.
  4644 | D:5      | Noticed kuniqs's ghost (novice KoSu)
  4645 | D:5      | Found the ring of the Octopus King
  5011 | D:5      | Identified the +6 scale mail of Koucoloe {rF+}
  5054 | D:5      | Reached XP level 8. HP: 69/71 MP: 8/8
  5106 | D:5      | Noticed Sigmund
  5113 | D:5      | Killed Sigmund
  5194 | D:5      | Reached skill level 9 in Axes
  5421 | D:6      | Reached skill level 5 in Armour
  5927 | D:6      | Found Wepsae Xecism's Weapon Boutique.
  5934 | D:6      | Reached XP level 9. HP: 72/82 MP: 9/9
  6020 | D:6      | Reached skill level 10 in Axes
  7049 | D:7      | Found a white marble altar of Elyvilon.
  7052 | D:7      | Found Ganepn Tauts's Book Shop.
  7128 | D:7      | Identified the +2 hand axe of Sizxem {pain, rCorr}
  7304 | D:7      | Found a basalt altar of Yredelemnul.
  7819 | D:8      | Noticed Joseph
  7840 | D:8      | Killed Joseph
  7841 | D:8      | Reached skill level 11 in Axes
  8273 | D:8      | Noticed Grum
  8291 | D:8      | Reached skill level 1 in Evocations
  8530 | D:8      | Reached skill level 10 in Fighting
  8530 | D:8      | Reached XP level 10. HP: 82/93 MP: 10/10
  8866 | D:8      | Found a shimmering altar of Xom.
  8964 | D:8      | Noticed an oklob plant
  9192 | D:8      | Killed an oklob plant
  9193 | D:8      | Reached skill level 12 in Axes
  9477 | D:8      | Killed Grum
  9829 | D:9      | Found a glowing silver altar of Zin.
 10085 | D:10     | Entered Level 10 of the Dungeon
 10143 | D:9      | Noticed a wizard
 10272 | D:8      | Cast into level 2 of the Abyss (a wizard)
 10324 | Abyss:2  | Noticed a thrashing horror
 10338 | Abyss:2  | HP: 6/129 [thrashing horror (8)]
 10339 | Abyss:2  | Killed a thrashing horror
 10434 | Abyss:2  | Noticed a hellion
 10447 | Abyss:2  | Noticed a tentacled starspawn
 10457 | Abyss:2  | Noticed a cane toad
 10461 | Abyss:2  | Killed a hellion
 10462 | Abyss:2  | Reached skill level 5 in Evocations
 10465 | Abyss:2  | Slain by a tentacled starspawn

Illustrated notes

Levels and vault maps discovered:
D:1:      pf_arrival_petrified_forest, layout_loops_cross,
          shapermc_ecumenical_altar_mp_urbaneastern
D:2:      layout_rooms
D:3:      layout_rooms, chequers_temple_overflow_statue_of_worship, minitemple,
          serial_shops, shop, uniq_crazy_yiuf_cottage, uniq_jessica
D:4:      layout_loops_corners, minmay_temple_entry_from_below_b,
          enter_ossuary_4, uniq_eustachio
D:5:      layout_loops_ring, gammafunk_ghost_gnarly_gnolls,
          minmay_misc_feat_room, guppyfry_early_lair_pool, uniq_sigmund
D:6:      layout_loops_corners, serial_undead, serial_undead_e, serial_undead_f,
          serial_undead_e, serial_undead_b, serial_shops, shop
D:7:      layout_loops_corners, elyvilon_altar_4,
          nicolae_overflow_crystal_walls, serial_shops, shop
D:8:      lemuel_slime, layout_loops_corners, lemuel_coloured_pillars_altar,
          uniq_joseph, uniq_grum
D:9:      layout_irregular_city, lemuel_round_altar
D:10:     layout_stronghold, serial_shops, shop, minmay_fountain_box
Abyss:2:  base:
D:10

Skill      XL: |  1  2  3  4  5  6  7  8  9 10 |
---------------+-------------------------------+-----
Axes           | 4 5 6 7 8 9 11 12 | 12.8
Fighting       | 4 5 6 8 10 11 | 11.4
Dodging        | 1 2 |  2.7
Armour         | 5 7 |  7.2
Evocations     | 1 5 |  5.1
Shields        | |  3.2

Action                   |  1- 3 |  4- 6 |  7- 9 | 10-12 || total
-------------------------+-------+-------+-------+-------++-------
Melee: War axe           |   104 |   198 |   368 |   188 ||   858
Throw: Dart              |       |       |     3 |       ||     3
Evoke: Wand              |       |       |       |    12 ||    12
  Use: Scroll            |     8 |    10 |     2 |       ||    20
       Potion            |       |       |       |     6 ||     6
 Stab: Invisible         |       |       |     1 |       ||     1
       Paralysed         |       |       |       |     5 ||     5
Armor: Scale mail        |    58 |     8 |   170 |    94 ||   330
       Chain mail        |       |    55 |    41 |       ||    96
Dodge: Dodged            |    41 |    29 |   118 |    48 ||   236
Block: Kite shield       |    72 |    64 |   181 |    81 ||   398

Table legend: (Time is in decaauts)
 A = Elapsed time spent in this place.
 B = Non-inter-level travel time spent in this place.
 C = Inter-level travel time spent in this place.
 D = Time resting spent in this place.
 E = Time spent auto-exploring this place.
 F = Levels seen in this place.
 G = Mean time per level.
                   A        B        C        D        E       F      G
               +--------+--------+--------+--------+--------+-----+--------+
         Total |  10682 |  10428 |    254 |   1766 |   6640 |  12 |  890.2 |
       Dungeon |   9793 |   9539 |    254 |   1735 |   6126 |  10 |  979.3 |
         Abyss |    173 |    173 |      0 |     31 |     42 |   1 |  173.0 |
       Ossuary |    715 |    715 |      0 |      0 |    472 |   1 |  715.0 |
               +--------+--------+--------+--------+--------+-----+--------+

Top non-repeatable levels by time:
     D:8: 2359 daAuts
     D:4: 1388 daAuts
     D:6: 1385 daAuts
     D:1: 1093 daAuts
     D:7: 1052 daAuts
     D:3: 937 daAuts
     D:5: 769 daAuts
 Ossuary: 715 daAuts
     D:2: 592 daAuts
     D:9: 212 daAuts
 Abyss:2: 173 daAuts
    D:10: 1 daAuts
